 Dungeon Crawl Stone Soup version 0.21.1-1-g345015fe64 (webtiles) character file.

182 Htamos the Magician (level 5, 0/28 HPs)
             Began as a Deep Elf Wizard on July 13, 2018.
             Slain by a phantom (10 damage)
             ... on level 4 of the Dungeon.
             The game lasted 00:06:02 (4022 turns).

Htamos the Magician (Deep Elf Wizard)               Turns: 4022, Time: 00:06:02

Health: 0/28       AC:  4    Str:  4    XL:     5   Next: 35%
Magic:  6/16       EV: 14    Int: 24    God:
Gold:   163        SH:  0    Dex: 13    Spells: 17/18 levels left

rFire    . . .     SeeInvis .   p - +0 dagger
rCold    . . .     Gourm    .   (no shield)
rNeg     . . .     Faith    .   a - +0 robe
rPois    .         Spirit   .   b - +0 hat
rElec    .         Reflect  .   (no cloak)
rCorr    .         Harm     .   (no gloves)
MR       .....                  f - +1 pair of boots
Stlth    ++........             (no amulet)
HPRegen  0.09/turn              (no ring)
MPRegen  0.15/turn              (no ring)

@: no status effects
A: no striking features
a: no special abilities


You were on level 4 of the Dungeon.
You were not hungry.

You visited 1 branch of the dungeon, and saw 4 of its levels.

You collected 163 gold pieces.

Inventory:

Hand Weapons
 p - a +0 dagger (weapon)
Missiles
 j - 115 stones (quivered)
 k - 49 arrows
 r - 58 bolts
Armour
 a - a +0 robe (worn)
 b - a +0 hat (worn)
 f - a +1 pair of boots (worn)
 t - a +0 robe
Jewellery
 l - an uncursed amulet of regeneration
 n - an uncursed ring of loudness
Scrolls
 e - 2 scrolls of remove curse
 g - 2 scrolls of teleportation
 o - a scroll of amnesia
Potions
 h - a potion of flight
 i - a potion of agility {unknown}
Books
 c - a book of Minor Magic

   Spells                             Type                      Level
   a - Magic Dart                     Conjuration                  1
   b - Blink                          Translocation                2
   c - Call Imp                       Summoning                    2
   d - Slow                           Hexes                        2
   e - Conjure Flame                  Conjuration/Fire             3
   f - Mephitic Cloud                 Conjuration/Poison/Air       3
Comestibles
 d - 11 rations


   Skills:
 - Level 4.0 Dodging
 - Level 2.4 Stealth
 - Level 7.0 Spellcasting
 + Level 2.2 Conjurations
   Level 1.1 Summonings
   Level 1.1 Translocations


You had 17 spell levels left.
You knew the following spells:

 Your Spells              Type           Power        Failure   Level  Hunger
a - Magic Dart            Conj           ###.         2%          1    None


Dungeon Overview and Level Annotations

Branches:
Dungeon (4/15)
 Temple: D:4-7

Altars:
Ashenzari


Message History

The phantom is heavily damaged.
The phantom barely misses you.
Casting: Magic Dart
Confirm with . or Enter, or press ? or * to list all spells.
Aiming: Magic Dart
Press: ? - help, Shift-Dir - straight line, f/p - phantom
Aim: a phantom (heavily damaged)
The magic dart hits the phantom.
The phantom is severely damaged.
The phantom hits you.
* * * LOW HITPOINT WARNING * * *
Casting: Magic Dart
Confirm with . or Enter, or press ? or * to list all spells.
Aiming: Magic Dart
Press: ? - help, Shift-Dir - straight line, f/p - phantom
Aim: a phantom (severely damaged)
The magic dart hits the phantom.
The phantom is severely damaged.
The phantom hits you!
You die...

.......#....#
............#
.......#....#
##.#####....#
#. #..).# #.##
#....# ..#
#....# #.#
#....# #.#
#@W..# . #.#
#..### .[.....
#.# #.##
.......# #.#
..#
........##.#
.###
#....#..<.##.#
#.....###..#.#
.......#..#.#
#
#.##.#....#...


You could see a phantom.

Vanquished Creatures
  An orc priest (D:3)
  A hound (D:4)
  Jessica (D:3)
  3 adders
  3 worms
  A dart slug (D:1)
  3 leopard geckos
  4 orcs
  4 ball pythons
  3 giant cockroaches
  7 goblins
  4 hobgoblins
  5 kobolds
  8 bats
  4 frilled lizards
  6 rats
58 creatures vanquished.

Notes
Turn   | Place    | Note
-------+----------+-------------------------------------------
     0 | D:1      | Htamos the Deep Elf Wizard began the quest for the Orb.
     0 | D:1      | Reached XP level 1. HP: 10/10 MP: 7/7
   339 | D:1      | Reached XP level 2. HP: 15/15 MP: 6/9
   791 | D:1      | Reached skill level 5 in Spellcasting
  1209 | D:2      | Reached XP level 3. HP: 19/19 MP: 3/11
  1897 | D:2      | Found a shattered altar of Ashenzari.
  2591 | D:3      | Noticed Jessica
  2601 | D:3      | Reached XP level 4. HP: 24/24 MP: 0/13
  2710 | D:3      | Killed Jessica
  2710 | D:3      | Reached skill level 6 in Spellcasting
  3366 | D:3      | Reached skill level 7 in Spellcasting
  3366 | D:3      | Reached XP level 5. HP: 12/28 MP: 8/16
  3999 | D:4      | Noticed a phantom
  4022 | D:4      | Slain by a phantom

Skill      XL: |  1  2  3  4  5 |
---------------+----------------+-----
Dodging        | 3 4 |  4.0
Spellcasting   | 5 7 |  7.0
Conjurations   | 2 |  2.2
Stealth        | |  2.4
Summonings     | |  1.1
Translocations | |  1.1

Action                   |  1- 3 |  4- 6 || total
-------------------------+-------+-------++-------
Melee: Dagger            |       |     1 ||     1
 Cast: Magic Dart        |   108 |    70 ||   178
  Use: Scroll            |       |     9 ||     9
       Potion            |       |     3 ||     3
  Eat: Chunk             |     5 |     4 ||     9
Armor: Robe              |     3 |     2 ||     5
Dodge: Dodged            |     5 |    13 ||    18
